 Dungeon Crawl Stone Soup version 0.21-a0-442-g848f44b (webtiles) character file.

242 Gildeon the Conjurer (level 6, -1/41 HPs)
             Began as a Human Conjurer on Nov 13, 2017.
             Was a Follower of Kikubaaqudgha.
             Killed by divine providence
             ... invoked by an orc priest
              (9 damage)
             ... on level 4 of the Dungeon.
             The game lasted 00:44:15 (3407 turns).

Gildeon the Conjurer (Human Conjurer)               Turns: 3407, Time: 00:44:16

Health: -1/41      AC:  7    Str:  8    XL:     6   Next: 30%
Magic:  0/13       EV: 10    Int: 17    God:    Kikubaaqudgha [*.....]
Gold:   204        SH:  0    Dex: 14    Spells: 2/14 levels left

rFire    x . .     SeeInvis .   i - +1 quarterstaff (crush)
rCold    + . .     Gourm    .   (shield currently unavailable)
rNeg     . . .     Faith    .   r - +0 ring mail
rPois    .         Spirit   .   f - +2 hat
rElec    .         Reflect  .   (no cloak)
rCorr    .         Harm     .   (no gloves)
MR       .....                  (no boots)
Stlth    +.........             (no amulet)
HPRegen  0.13/turn              k - ring of ice
MPRegen  0.13/turn              (no ring)

@: no status effects
A: no striking features
a: Receive Corpses, Renounce Religion


You were on level 4 of the Dungeon.
You worshipped Kikubaaqudgha.
Kikubaaqudgha was aware of your devotion.
You were not hungry.

You visited 1 branch of the dungeon, and saw 4 of its levels.

You collected 204 gold pieces.

Inventory:

Hand Weapons
 i - a +1 quarterstaff of crushing (weapon)
 j - a +0 hunting sling
Missiles
 e - 19 poisoned needles
 h - 90 stones (quivered)
Armour
 f - a +2 hat (worn)
 r - a +0 ring mail (worn)
Jewellery
 k - a ring of ice (left hand)
Scrolls
 l - a scroll of remove curse
Potions
 a - a potion of resistance
 d - a potion of haste
 g - a potion of curing
 p - a potion of cancellation {unknown}
 q - a potion of mutation {unknown}
Books
 b - a book of Conjurations

   Spells                             Type                      Level
   a - Magic Dart                     Conjuration                  1
   b - Searing Ray                    Conjuration                  2
   c - Dazzling Spray                 Conjuration/Hexes            3
   d - Fulminant Prism                Conjuration/Hexes            4
   e - Force Lance                    Conjuration/Translocation    4
   f - Iskenderun's Mystic Blast      Conjuration                  4
 c - Kikubaaqudgha's Guide on Black Rites
   (Kikubaaqudgha gifted it to you on level 3 of the Dungeon)

   Spells                             Type                      Level
   a - Pain                           Necromancy                   1
   b - Corpse Rot                     Necromancy                   2
   c - Sublimation of Blood           Necromancy                   2
   d - Vampiric Draining              Necromancy                   3
   e - Control Undead                 Necromancy                   4
 s - a book of Necromancy

   Spells                             Type                      Level
   a - Pain                           Necromancy                   1
   b - Animate Skeleton               Necromancy                   1
   c - Vampiric Draining              Necromancy                   3
   d - Regeneration                   Charms/Necromancy            3
   e - Animate Dead                   Necromancy                   4
   f - Control Undead                 Necromancy                   4
Comestibles
 m - a meat ration
 n - a chunk of flesh


   Skills:
 - Level 0.6 Slings
 - Level 2.0 Dodging
 - Level 2.0 Stealth
 + Level 4.7 Spellcasting
 - Level 5.1 Conjurations


You had 2 spell levels left.
You knew the following spells:

 Your Spells              Type           Power        Failure   Level  Hunger
a - Magic Dart            Conj           ###.         5%          1    None
b - Searing Ray           Conj           ###...       9%          2    #......
c - Dazzling Spray        Conj/Hex       ##....       43%         3    ###....
d - Iskenderun's Mystic   Conj           ###.....     47%         4    ####...
e - Pain                  Necr           #...         41%         1    None
f - Animate Skeleton      Necr           N/A          41%         1    None


Dungeon Overview and Level Annotations

Branches:
Dungeon (4/15)
 Temple: D:4-7

Altars:
Kikubaaqudgha
Uskayaw
Zin

Annotations:
D:4 Menkaure


Message History

Aiming: Magic Dart
Press: ? - help, Shift-Dir - straight line, f/p - orc priest
Aim: an orc priest, wielding a dagger and wearing a ring mail (almost dead)
The magic dart hits the orc priest.
The orc priest is almost dead.
The orc priest hits you with a dagger. The worker ant bites you.
The orc hits you with a club.
The orc priest calls down the wrath of Beogh upon you.
Pain shoots through your body! Menkaure barely misses you.
The worker ant bites you but does no damage.
The worker ant barely misses you.
Menkaure says, "Why can't you leave me to my rest?"
The orc priest casts a cantrip, but nothing happens.
Menkaure calls on the powers of darkness!
The worker ant convulses!
The orc convulses!
Your body is wracked with pain!
* * * LOW HITPOINT WARNING * * *
The orc priest calls down the wrath of Beogh upon you.
Beogh smites you!
You die...
Kikubaaqudgha rasps: "You have failed me!
Welcome... death!"

#.##..#.# .....
#.#....# ..(.#
#.....### #.#(#
###.......###.#(####
#......[............#
#.##.......#......o.#
# ##....##......M).#
#...........o.#.#
#.#####....@a...###.
#. ##............# ##
#........#####
#.#.#.####
#.#........#
#.###...##... ...
....# ..# ##..# .##
..#


You could see Menkaure, a worker ant, an orc priest and an orc.

Vanquished Creatures
  An ogre (D:3)
  4 gnolls (D:2)
  5 adders
  2 oozes
  An adder skeleton (D:3)
  3 worms
  A dart slug (D:3)
  An orc (D:4)
  A giant cockroach (D:2)
  5 goblins
  6 hobgoblins
  3 jackals (D:2)
  9 kobolds
  2 quokkas (D:3)
  5 bats
  5 frilled lizards
  4 rats
58 creatures vanquished.

Vanquished Creatures (others)
  A human (D:2)
1 creature vanquished.

Grand Total: 59 creatures vanquished

Notes
Turn   | Place    | Note
-------+----------+-------------------------------------------
     0 | D:1      | Gildeon the Human Conjurer began the quest for the Orb.
     0 | D:1      | Reached XP level 1. HP: 13/13 MP: 3/3
   493 | D:1      | Reached XP level 2. HP: 19/19 MP: 1/5
   500 | D:1      | Learned a level 2 spell: Searing Ray
  1067 | D:2      | Found an ancient bone altar of Kikubaaqudgha.
  1069 | D:2      | Noticed a human
  1070 | D:2      | Killed a human
  1148 | D:2      | Became a worshipper of Kikubaaqudgha
  1157 | D:2      | Reached XP level 3. HP: 24/24 MP: 1/6
  1269 | D:2      | Learned a level 3 spell: Dazzling Spray
  1345 | D:2      | Reached skill level 5 in Conjurations
  1682 | D:2      | Reached XP level 4. HP: 30/30 MP: 0/7
  2217 | D:2      | Found a glowing silver altar of Zin.
  2537 | D:3      | Reached XP level 5. HP: 35/35 MP: 3/9
  2650 | D:3      | Reached * piety under Kikubaaqudgha
  2650 | D:3      | Identified Kikubaaqudgha's Guide on Black Rites (Kikubaaqudgha gifted it to you on level 3 of the Dungeon)
  2650 | D:3      | Received a gift from Kikubaaqudgha
  2665 | D:3      | Found a hide-covered altar of Uskayaw.
  2792 | D:3      | Learned a level 4 spell: Iskenderun's Mystic Blast
  2794 | D:3      | Learned a level 1 spell: Pain
  2810 | D:3      | Noticed an ogre
  2819 | D:3      | Killed an ogre
  2819 | D:3      | Reached XP level 6. HP: 20/41 MP: 1/12
  3293 | D:3      | Learned a level 1 spell: Animate Skeleton
  3394 | D:4      | Noticed Menkaure
  3407 | D:4      | Killed from afar by an orc priest

Vault maps used:
D:1:      dpeg_arrival_court
D:2:      nicolae_overflow_crystal_walls, tgw_kikubaaqudgha
D:3:      lemuel_doored_altar, first_bread
D:4:      lemuel_round_altar, grunt_ministairs_14, uniq_pikel, uniq_ijyb,
          uniq_edmund, uniq_menkaure

Skill      XL: |  1  2  3  4  5 |
---------------+----------------+-----
Conjurations   | 5 |  5.1
Spellcasting   | 3 4 |  4.7
Slings         | |  0.6
Dodging        | |  2.0
Stealth        | |  2.0

Action                   |  1- 3 |  4- 6 || total
-------------------------+-------+-------++-------
Melee: Short sword       |     6 |       ||     6
       Quarterstaff      |    11 |    14 ||    25
 Fire: Hunting sling     |     1 |    20 ||    21
 Cast: Magic Dart        |    44 |    73 ||   117
       Dazzling Spray    |     2 |       ||     2
       Searing Ray       |       |     7 ||     7
  Use: Scroll            |     1 |     7 ||     8
  Eat: Chunk             |     1 |     2 ||     3
       Bread ration      |     1 |     1 ||     2
Armor: Leather armour    |    12 |     8 ||    20
       Ring mail         |       |     7 ||     7
Dodge: Dodged            |    22 |    37 ||    59

Table legend:
 A = Spawn XP
 B = Non-spawn XP
 C = Spawn XP percentage of total XP
 D = Spawn monster count
 E = Non-spawn monster count
 F = Spawn count percentage of total count
 G = Total turns spent on level
                    A         B        C        D         E        F      G
               +---------+---------+-------+---------+---------+-------+---------
         Total |       0 |     346 |   0.0 |       0 |      58 |   0.0 |  3407
               +---------+---------+-------+---------+---------+-------+---------
           D:1 |       0 |      20 |   0.0 |       0 |      13 |   0.0 |  1105
           D:2 |       0 |     108 |   0.0 |       0 |      24 |   0.0 |  1404
           D:3 |       0 |     194 |   0.0 |       0 |      17 |   0.0 |   826
           D:4 |       0 |      24 |   0.0 |       0 |       4 |   0.0 |    72
               +---------+---------+-------+---------+---------+-------+---------
